 Dungeon Crawl Stone Soup version 0.28-a0-969-g2dcde036d2 (webtiles) character file.

Game seed: 11326171470362679449

49 Agamemnon the Ruffian (level 3, -3/33 HPs)
             Began as a Ghoul Berserker on Dec 1, 2021.
             Was a Believer of Trog.
             Slain by an orc (7 damage)
             ... on level 2 of the Dungeon.
             The game lasted 00:06:23 (1033 turns).

Agamemnon the Ruffian (Ghoul Berserker)             Turns: 1033, Time: 00:06:26

Health: -3/33      AC:  2    Str: 21    XL:     3   Next: 75%
Magic:  2/2        EV: 12    Int:  3    God:    Trog [**....]
Gold:   82         SH:  0    Dex:  8    Spells: 2/2 levels left

rFire   . . .      SeeInvis .     - Unarmed
rCold   + . .      Faith    .   (no shield)
rNeg    + + +      Spirit   .   d - +0 robe
rPois   ∞          Reflect  .   (no helmet)
rElec   .          Harm     .   (no cloak)
rCorr   .          Rampage  .   (no gloves)
Will    .....                   (no boots)
Stlth   +.........              (no amulet)
HPRegen 0.00/turn               (no ring)
MPRegen 0.08/turn               (no ring)

@: inhibited regen
A: claws 1, cold resistance 1, negative energy resistance 3, inhibited
regeneration, torment resistance 2
a: Renounce Religion, Trog's Hand


You were on level 2 of the Dungeon.
You worshipped Trog.
Trog was pleased with you.
You visited 1 branch of the dungeon, and saw 2 of its levels.

You collected 82 gold pieces.

Inventory:

Armour
 a - a +0 animal skin
 d - a +0 robe (worn)
Scrolls
 b - a scroll of identify {unknown}
 c - 2 scrolls of enchant weapon {unknown}
 e - a scroll of enchant armour {unknown}
 g - a scroll of acquirement {unknown}
Potions
 f - a potion of curing {unknown}


   Skills:
 + Level 3.7 Fighting
 + Level 2.0 Armour
 + Level 2.1 Dodging
 * Level 0.4 Stealth
 + Level 4.1 Unarmed Combat


You had 2 spell levels left.
You didn't know any spells.
Your spell library was empty.

Dungeon Overview and Level Annotations

Branches:
Dungeon (2/15)

Altars:


Innate Abilities, Weirdness & Mutations

You thrive by killing the living.
You are immune to poison.
You have sharp fingernails.
Your flesh is cold resistant. (rC+)
You are immune to negative energy. (rN+++)
You do not regenerate when monsters are visible.
You are immune to unholy pain and torment.


Message History

The orc priest shouts! x2
The orc barely misses you.
You claw the orc!
You kill the orc!
Trog accepts your kill.
You scratch the orc.
The orc is heavily wounded.
The orc priest looks satisfied for a moment.
The orc hits you with a +0 hand axe.
You barely miss the orc.
The orc is heavily wounded.
The orc closely misses you.
The orc priest hits you with a +0 dagger.
The orc misses you. The orc priest barely misses you.
You see here a +0 dagger.
You closely miss the orc priest. The orc barely misses you.
The orc priest barely misses you. The orc hits you with a +0 hand axe!
The orc priest hits you with a +0 falchion.
You scratch the orc priest.
The orc priest is lightly wounded.
The orc hits you with a +0 hand axe! The orc priest barely misses you.
The orc hits you with a +0 hand axe.
The orc priest hits you with a +0 falchion.
* * * LOW HITPOINT WARNING * * *
You scratch the orc priest.
You claw the orc priest, but do no damage.
The orc priest is moderately wounded.
The orc hits you but does no damage.
The orc priest miscasts a cantrip.
The orc hits you but does no damage.
The orc priest hits you with a +0 falchion.
* * * LOW HITPOINT WARNING * * *
You closely miss the orc priest.
The orc priest is moderately wounded.
The orc hits you with a +0 hand axe.
* * * LOW HITPOINT WARNING * * *
The orc priest hits you with a +0 dagger.
* * * LOW HITPOINT WARNING * * *
The orc hits you with a +0 hand axe!
You die...

###########
####
#.........#
#...
#.#######.#
#.## #.#
#.#####.#
#######.#
#>......#
........#
#########
......o.#######
#####
######o@.$.....
.....
#oo#######
#..#### #.K# #.
#..# ##..# ##
...# ##...###.
#...# ...#.....
..... .........
#....# ##......
##.###..


You could see 2 orc priests, 2 orcs and a kobold.

Vanquished Creatures
  A worm (D:2)
  An orc (D:2)
  7 bats
  4 endoplasms (D:1)
  4 hobgoblins
  8 jackals (D:1)
  A quokka (D:2)
  A frilled lizard (D:1)
  4 goblins (D:1)
  5 kobolds (D:1)
  6 rats (D:1)
42 creatures vanquished.

Notes
Turn   | Place    | Note
-------+----------+-------------------------------------------
     0 | D:1      | Agamemnon the Ghoul Berserker began the quest for the Orb.
     0 | D:1      | Reached XP level 1. HP: 19/19 MP: 0/0
    49 | D:1      | Reached XP level 2. HP: 25/26 MP: 1/1
   416 | D:1      | Reached XP level 3. HP: 27/31 MP: 2/2
   419 | D:1      | Reached skill level 4 in Unarmed Combat
   476 | D:1      | Reached ** piety under Trog
  1033 | D:2      | Slain by an orc

Illustrated notes

Levels and vault maps discovered:
D:1:      matt_arrival_grand_opening, layout_basic, kennysheep_nondescript
D:2:      layout_loops_ring, minmay_pentomino_p2

Skill      XL: |  1  2  3 |
---------------+----------+-----
Dodging        | 2 |  2.1
Unarmed Combat | 4 |  4.1
Armour         | 2 |  2.0
Fighting       | |  3.7
Stealth        | |  0.4

Action                   || total
-------------------------++-------
Melee: Unarmed           ||    89
       Punch             ||     1
Armor: Animal skin       ||     8
       Robe              ||    15
Dodge: Dodged            ||    61

Table legend: (Time is in decaauts)
 A = Elapsed time spent in this place.
 B = Non-inter-level travel time spent in this place.
 C = Inter-level travel time spent in this place.
 D = Time resting spent in this place.
 E = Time spent auto-exploring this place.
 F = Levels seen in this place.
 G = Mean time per level.
                   A        B        C        D        E       F      G
               +--------+--------+--------+--------+--------+-----+--------+
         Total |   1028 |   1028 |      0 |      0 |    656 |   2 |  514.0 |
       Dungeon |   1028 |   1028 |      0 |      0 |    656 |   2 |  514.0 |
               +--------+--------+--------+--------+--------+-----+--------+

Top non-repeatable levels by time:
     D:1: 807 daAuts
     D:2: 221 daAuts
